 Dungeon Crawl Stone Soup version 0.25-a0-2-g6559c6c67a (webtiles) character file.

Game seed: 12740816857899186482, levelgen mode: deterministic

98 Kohma the Skirmisher (level 4, 0/45 HPs)
             Began as an Ogre Arcane Marksman on Oct 14, 2019.
             Killed from afar by an orc wizard (10 damage)
             ... with a magic dart
             ... on level 3 of the Dungeon.
             The game lasted 00:05:31 (2060 turns).

Kohma the Skirmisher (Ogre Arcane Marksman)         Turns: 2060, Time: 00:05:32

Health: 0/45       AC:  3    Str: 14    XL:     4   Next: 69%
Magic:  7/7        EV: 10    Int: 15    God:
Gold:   78         SH:  0    Dex:  9    Spells: 6/7 levels left

rFire    . . .     SeeInvis .   n - +2 flail (protect)
rCold    . . .     Gourm    .   (no shield)
rNeg     . . .     Faith    .   a - +0 robe
rPois    .         Spirit   .   (helmet restricted)
rElec    .         Reflect  .   (no cloak)
rCorr    .         Harm     .   (gloves unavailable)
MR       .....                  (boots unavailable)
Stlth    +.........             (no amulet)
HPRegen  0.15/turn              (no ring)
MPRegen  0.10/turn              (no ring)

@: lethally poisoned (0 -> -2)
A: large, unfitting armour, tough skin 1
a: no special abilities


You were on level 3 of the Dungeon.
You were not hungry.

You visited 1 branch of the dungeon, and saw 4 of its levels.

You collected 78 gold pieces.

Inventory:

Hand Weapons
 e - a +2 dagger of venom
 n - a +2 flail of protection (weapon)
Missiles
 b - 16 sling bullets
 c - 3 large rocks (quivered)
 d - 2 throwing nets
 l - 3 javelins
Armour
 a - a +0 robe (worn)
Jewellery
 t - a cursed ring of teleportation {unknown}
Wands
 s - a wand of flame (17)
 w - a wand of enslavement (1)
Scrolls
 h - 5 scrolls of identify {unknown}
 k - a scroll of remove curse {unknown}
 m - 4 scrolls of amnesia {unknown}
 o - a scroll of enchant armour {unknown}
 r - a scroll of blinking {unknown}
 v - a scroll of enchant weapon {unknown}
 y - a scroll of immolation {unknown}
Potions
 g - 2 potions of curing {unknown}
 i - a potion of lignification {unknown}
 j - 2 potions of degeneration {unknown}
 p - a potion of agility {unknown}
 q - a potion of mutation {unknown}
 u - a potion of resistance {unknown}
 x - a potion of haste {unknown}
 A - a potion of heal wounds {unknown}
Comestibles
 f - 2 rations


   Skills:
 + Level 3.4 Fighting
 * Level 1.0 Maces & Flails
 + Level 3.1 Throwing
 - Level 1.7 Dodging
 - Level 2.0 Spellcasting
 - Level 3.0 Hexes


You had 6 spell levels left.
You knew the following spells:

 Your Spells              Type           Power        Failure   Level  Hunger
a - Corona                Hex            ##.....      6%          1    #......

Your spell library contained the following spells:

 Spells                   Type           Power        Failure   Level  Hunger
 Slow                     Hex            ##......     10%         2    ###....
 Inner Flame              Hex/Fire       #.......     34%         3    ###....
 Portal Projectile        Hex/Tloc       #.....       34%         3    ###....
 Cause Fear               Hex            ##........   54%         4    #####..
 Leda's Liquefaction      Hex/Erth       #.........   75%         4    #####..


Dungeon Overview and Level Annotations

Branches:
Dungeon (4/15)
 Temple: D:4-7

Altars:
Qazlal
Zin
The Shining One


Innate Abilities, Weirdness & Mutations

You are too large for most types of armour.
You have tough skin. (AC +1)


Message History

The hound bites you.
* * * LOW HITPOINT WARNING * * *
The worker ant bites you.
* * * LOW HITPOINT WARNING * * *
You feel sick. The hound barely misses you. The orc barely misses you.
The orc wizard closely misses you. The hound barely misses you.
The worker ant closely misses you.
You climb upwards.
There is a stone staircase leading down here.
Throwing (i - inventory. (/) - cycle)
c - 4 large rocks (quivered)
Press: ? - help, Shift-Dir - straight line, f - orc wizard
Aim: an orc wizard, wielding a +0 dagger and wearing a cursed +0 robe You throw a large rock.
The large rock closely misses the orc wizard.
You feel sick. The worker ant closely misses you.
The orc wizard hits you but does no damage.
The orc hits you but does no damage. The worker ant barely misses you.
The orc wizard points at you and mumbles some strange words.
The magic dart hits you!
You die...

.................########.#######
.###......######...........).....
.#...####...............#.#####..
...### #######..................
#..## ####...#######....#####[
#...# #....### #####.#.....###
#.#.######.########.......###.>##
#.#....#...# ###oah.####.## ##...
..###....#####(o@#### ##.# ####
.## #.#.## #..### ###..# #
#####.#..## #.## #...## ####
.##...##..# #.# #.### #...
....#####.# #.# ###.# #.## <####
#.# #.# #...# ###.# .# ########
###.#######...# .####
###8###⌠###8#.# #.......## ...)#
#.............# #.......#§


You could see a hound, a worker ant, an orc wizard and an orc.

Vanquished Creatures
  Ijyb (D:3)
  An adder (D:2)
  An ooze (D:2)
  A dart slug (D:1)
  2 leopard geckos (D:1)
  5 orcs (D:3)
  5 bats
  4 giant cockroaches
  6 goblins
  5 hobgoblins (D:1)
  2 jackals (D:1)
  A quokka (D:3)
  2 frilled lizards
  3 kobolds (D:1)
  5 rats
44 creatures vanquished.

Notes
Turn   | Place    | Note
-------+----------+-------------------------------------------
     0 | D:1      | Kohma the Ogre Arcane Marksman began the quest for the Orb.
     0 | D:1      | Reached XP level 1. HP: 19/19 MP: 2/2
   105 | D:1      | Reached XP level 2. HP: 17/28 MP: 2/4
   533 | D:1      | Reached XP level 3. HP: 22/35 MP: 5/5
  1440 | D:2      | You fall into a shaft and drop 1 floor!
  1454 | D:3      | Reached XP level 4. HP: 40/45 MP: 7/7
  1504 | D:3      | Found a stormy altar of Qazlal.
  1594 | D:3      | Found a glowing golden altar of the Shining One.
  1752 | D:3      | Noticed Ijyb
  1780 | D:3      | Killed Ijyb
  1793 | D:3      | Found a glowing silver altar of Zin.
  1867 | D:3      | Reached skill level 1 in Maces & Flails
  2060 | D:3      | Killed from afar by an orc wizard

Levels and vault maps discovered:
D:1:      lemuel_arrival_behind_the_door_large, layout_loops_cross
D:2:      layout_loops_corners
D:3:      layout_rooms, old_standard_altar, zin_statuary, serial_corexii_hall,
          corexii_hall_statues_i, corexii_hall_statues_i,
          nicolae_qazlal_eye_of_the_storm, uniq_ijyb
D:4:      layout_cave_pools, first_ration, abandoned_shop

Skill      XL: |  1  2  3  4 |
---------------+-------------+-----
Fighting       | 2 3 |  3.4
Hexes          | 3 |  3.0
Spellcasting   | 2 |  2.0
Throwing       | 3 |  3.1
Maces & Flails | 1 |  1.0
Dodging        | |  1.7

Action                   |  1- 3 |  4- 6 || total
-------------------------+-------+-------++-------
Melee: Unarmed           |    23 |       ||    23
       Dagger            |    74 |     9 ||    83
       Flail             |       |    28 ||    28
Throw: Large rock        |     4 |     3 ||     7
 Stab: Sleeping          |     2 |       ||     2
  Eat: Chunk             |     1 |     3 ||     4
Armor: Robe              |    36 |    18 ||    54
Dodge: Dodged            |    45 |    31 ||    76

Table legend:
 A = Non-vault XP
 B = Vault XP
 C = Vault XP percentage of total XP
 D = Non-vault monster count
 E = Vault monster count
 F = Vault count percentage of total count
                 A         B        C        D         E       F
            +---------+---------+-------+---------+---------+-------
      Total |     102 |      38 |  27.1 |      43 |       1 |   2.3
            +---------+---------+-------+---------+---------+-------
        D:1 |      56 |       0 |   0.0 |      29 |       0 |   0.0
        D:2 |      22 |       0 |   0.0 |       4 |       0 |   0.0
        D:3 |      24 |      38 |  61.3 |      10 |       1 |   9.1
            +---------+---------+-------+---------+---------+-------
